 Dungeon Crawl Stone Soup version 0.29.0-4-gdea44cf6ec (webtiles) character file.

Game seed: 10078475632710567392

648 qw the Cleaver (level 7, -7/41 HPs)
             Began as a Tengu Warper on Aug 28, 2022.
             Mangled by Duvessa
             ... wielding a +0 rapier
              (15 damage)
             ... on level 5 of the Dungeon.
             The game lasted 00:00:27 (5061 turns).

qw the Cleaver (Tengu Warper)                       Turns: 5061, Time: 00:00:28

Health: -7/41      AC: 11    Str: 14    XL:     7   Next: 53%
Magic:  11/11      EV:  8    Int: 13    God:
Gold:   228        SH:  0    Dex: 19    Spells: 10/10 levels left

rFire   . . .      SeeInvis .   Y - +0 war axe
rCold   . . .      Faith    .   (no shield)
rNeg    . . .      Spirit   .   a - +0 chain mail
rPois   .          Reflect  .   (helmet restricted)
rElec   .          Harm     .   (no cloak)
rCorr   .          Rampage  .   n - +2 pair of gloves
Will    +....                   (boots unavailable)
Stlth   ..........              (no amulet)
HPRegen 0.13/turn               f - +6 ring of dexterity
MPRegen 0.12/turn               k - ring of willpower

@: flying quickly and evasively, quick
A: beak, talons 3, nimble flight
a: no special abilities


You were on level 5 of the Dungeon.
You visited 1 branch of the dungeon, and saw 5 of its levels.

You collected 228 gold pieces.


Innate Abilities, Weirdness & Mutations

You have a beak for a mouth.
You have claws for feet.
Your magical nature lets you fly swiftly and evasively.


   Skills:
 - Level 3.3 Fighting
 - Level 8.2 Axes
 - Level 1.0 Throwing
 + Level 2.1 Armour
 - Level 2.1 Dodging
 - Level 2.0 Spellcasting
 - Level 2.4 Translocations


You had 10 spell levels left.
You didn't know any spells.
Your spell library contained the following spells:

 Spells                   Type           Power      Damage    Failure   Level
 Blink                    Tloc           14%        N/A       98%         2
 Gell's Gravitas          Tloc           7%         N/A       100%        3
 Lesser Beckoning         Tloc           7%         N/A       100%        3
 Teleport Other           Tloc           7%         N/A       100%        3
 Manifold Assault         Tloc           7%         N/A       100%        5

Inventory:

Hand Weapons
 r - a +0 flail
 Y - a +0 war axe (weapon)
Armour
 a - a +0 chain mail (worn)
 n - a +2 pair of gloves (worn)
Jewellery
 f - a +6 ring of dexterity (left hand)
 k - a ring of willpower (right hand)
Scrolls
 i - a scroll of identify
Potions
 c - a potion of haste {unknown}
 d - a potion of might
 g - 2 potions of curing
 h - a potion of resistance
 l - 2 potions of heal wounds
 p - a potion of mutation {unknown}
 s - a potion of attraction {unknown}

Dungeon Overview and Level Annotations

Branches:
Dungeon (5/15)
 Temple: D:4-7

Altars:
Dithmenos
Qazlal
Xom

Annotations:
D:5 Duvessa


Message History

You kill Grinder!
Your Axes skill increases to level 8!
You start resting.
HP restored.
There is a stone staircase leading up here.
A troll comes into view.
The troll shouts!
The teleport trap disappears.
The troll disappears!
The troll moves out of view.
Enter note: An adder comes into view.
The adder hisses angrily.
The adder moves out of view.
An adder is nearby!
The adder closely misses you.
You slash the adder! You claw the adder, but do no damage.
The adder is severely wounded.
The adder bites you.
You slash the adder!
You kill the adder!
You start resting.
HP restored.
Duvessa is nearby!
Duvessa shouts!
Duvessa goes berserk!
You hear an angry hiss.
You hear a shout!
You hear an angry hiss.
You slash Duvessa!
Duvessa is severely wounded.
Duvessa barely misses you.
You barely miss Duvessa. Your kick misses Duvessa.
You peck Duvessa, but do no damage.
Duvessa is severely wounded.
Duvessa hits you with a +0 rapier! Duvessa hits you with a +0 rapier.
You closely miss Duvessa. Your peck misses Duvessa.
Duvessa is severely wounded.
Duvessa closely misses you.
You hit Duvessa but do no damage. You claw Duvessa.
Duvessa is severely wounded.
Duvessa hits you with a +0 rapier! x2
You die...

.# #.## # #.#
## ####.# #.
..#.# #. #.#.#
#. ####.#.# #.
#......#
#.##.##.##.###
#..Te@..##.#
#............#
..#..#####.###
#........#
###.###..#
#..# #..# ....
#.#.


You could see a troll and Duvessa (berserk).

Vanquished Creatures
  Grinder (D:5)
  2 scorpions
  Dowan (D:5)
  2 hounds (D:4)
  3 orc wizards
  4 adders
  An ufetubus (D:4)
  4 worms
  5 dart slugs
  9 orcs
  5 ball pythons
  8 endoplasms
  4 giant cockroaches
  4 goblins
  6 hobgoblins
  5 jackals
  11 kobolds
  3 quokkas
  3 bats
  5 frilled lizards
  6 rats
92 creatures vanquished.

Vanquished Creatures (others)
  5 plants (D:1)
5 creatures vanquished.

Grand Total: 97 creatures vanquished

Notes
Turn   | Place    | Note
-------+----------+-------------------------------------------
     0 | D:1      | qw the Tengu Warper began the quest for the Orb.
     0 | D:1      | Reached XP level 1. HP: 12/12 MP: 4/4
     0 | D:1      | 0 ||| qw: Version: 0.1-a-89-g26bdef1
     0 | D:1      | 0 ||| qw: Game counter: 1133
     0 | D:1      | 0 ||| qw: Always use a shield: true
     0 | D:1      | 0 ||| qw: God list: Okawaru
     0 | D:1      | 0 ||| qw: Allow faded altars: false
     0 | D:1      | 0 ||| qw: Do Orc after D:15 true
     0 | D:1      | 0 ||| qw: Do second Lair branch before Depths: true
     0 | D:1      | 0 ||| qw: Lair rune preference: random
     0 | D:1      | 0 ||| qw: Plans: Normal
     0 | D:1      | 0 ||| PLANNING D:1-11
   156 | D:1      | 156 ||| Stepping ~*~*~tactically~*~*~ (stealth).
   162 | D:1      | Reached skill level 3 in Axes
   162 | D:1      | Reached XP level 2. HP: 17/17 MP: 6/6
   334 | D:1      | HP: 4/17 [poisoned by a kobold]
  1037 | D:1      | Reached XP level 3. HP: 19/21 MP: 7/7
  1409 | D:1      | Reached skill level 4 in Axes
  1425 | D:1      | 1425 ||| Stepping ~*~*~tactically~*~*~ (hiding).
  1656 | D:1      | 1656 ||| UPGRADING to +0 ring mail.
  1666 | D:1      | 1666 ||| DROPPING +0 leather armour.
  1667 | D:1      | 1667 ||| UPGRADING to +2 leather armour of cold resistance.
  1677 | D:1      | 1677 ||| UPGRADING to +2 pair of gloves.
  1682 | D:1      | 1682 ||| UPGRADING to +6 ring of dexterity.
  1683 | D:1      | 1683 ||| READING scroll labelled HINYUMNI XEDE.
  1684 | D:1      | 1684 ||| DRINKING 2 lumpy orange potions.
  1685 | D:1      | 1685 ||| DROPPING scroll of blinking.
  1891 | D:2      | Found a faded altar of an unknown god.
  2017 | D:2      | Reached XP level 4. HP: 26/26 MP: 8/8
  2178 | D:2      | 2178 ||| FLEEEEING.
  2179 | D:2      | 2179 ||| STAIRDANCE
  2212 | D:1      | 2212 ||| READING scroll labelled LEZENEO WUDEYCS.
  2215 | D:1      | 2215 ||| READING scroll labelled IKEAFF HEUBIWY.
  2216 | D:1      | 2216 ||| READING scroll labelled ZAOCLEIGAU.
  2217 | D:1      | 2217 ||| READING scroll labelled YSKIRU ZURUMIM.
  2234 | D:2      | 2234 ||| Stepping ~*~*~tactically~*~*~ (stealth).
  2502 | D:2      | 2502 ||| UPGRADING to +0 chain mail.
  2512 | D:2      | 2512 ||| DROPPING +0 ring mail.
  2513 | D:2      | 2513 ||| DROPPING +2 leather armour of cold resistance.
  2514 | D:2      | 2514 ||| UPGRADING to ring of willpower.
  2515 | D:2      | 2515 ||| READING scroll labelled WIZXIZXAMO.
  2628 | D:3      | Reached skill level 5 in Axes
  2631 | D:3      | 2631 ||| Stepping ~*~*~tactically~*~*~ (stealth).
  2636 | D:3      | 2636 ||| FLEEEEING.
  2637 | D:3      | 2637 ||| FLEEEEING.
  2638 | D:3      | 2638 ||| FLEEEEING.
  2639 | D:3      | 2639 ||| FLEEEEING.
  2640 | D:3      | 2640 ||| FLEEEEING.
  2642 | D:3      | 2642 ||| FLEEEEING.
  2645 | D:3      | 2645 ||| FLEEEEING.
  2649 | D:3      | 2649 ||| FLEEEEING.
  2653 | D:3      | 2653 ||| FLEEEEING.
  2654 | D:3      | 2654 ||| FLEEEEING.
  2655 | D:3      | 2655 ||| FLEEEEING.
  2656 | D:3      | 2656 ||| FLEEEEING.
  2660 | D:3      | 2660 ||| FLEEEEING.
  2661 | D:3      | 2661 ||| FLEEEEING.
  2662 | D:3      | 2662 ||| FLEEEEING.
  2663 | D:3      | 2663 ||| FLEEEEING.
  2674 | D:3      | 2674 ||| FLEEEEING.
  2685 | D:3      | 2685 ||| FLEEEEING.
  2686 | D:3      | 2686 ||| FLEEEEING.
  2687 | D:3      | 2687 ||| FLEEEEING.
  2688 | D:3      | 2688 ||| FLEEEEING.
  2691 | D:3      | 2691 ||| FLEEEEING.
  2692 | D:3      | 2692 ||| FLEEEEING.
  2693 | D:3      | 2693 ||| FLEEEEING.
  2694 | D:3      | 2694 ||| FLEEEEING.
  2695 | D:3      | 2695 ||| STAIRDANCE
  2849 | D:3      | Found a stormy altar of Qazlal.
  2850 | D:3      | 2850 ||| DROPPING +0 club.
  2856 | D:3      | Found a shadowy altar of Dithmenos.
  2869 | D:3      | 2869 ||| FLEEEEING.
  3113 | D:3      | 3113 ||| SWAPPING to +0 war axe.
  3128 | D:3      | 3128 ||| FLEEEEING.
  3129 | D:3      | 3129 ||| FLEEEEING.
  3130 | D:3      | 3130 ||| FLEEEEING.
  3131 | D:3      | 3131 ||| FLEEEEING.
  3132 | D:3      | 3132 ||| FLEEEEING.
  3133 | D:3      | 3133 ||| FLEEEEING.
  3134 | D:3      | 3134 ||| FLEEEEING.
  3135 | D:3      | 3135 ||| FLEEEEING.
  3136 | D:3      | 3136 ||| FLEEEEING.
  3137 | D:3      | 3137 ||| FLEEEEING.
  3138 | D:3      | 3138 ||| FLEEEEING.
  3142 | D:3      | Gained mutation: Your magical nature lets you fly swiftly
                  | and evasively. [Tengu growth]
  3142 | D:3      | Reached XP level 5. HP: 28/30 MP: 9/9
  3161 | D:3      | 3161 ||| DROPPING +1 hand axe.
  3186 | D:3      | 3186 ||| DROPPING +0 mace.
  3471 | D:3      | 3471 ||| DROPPING ring of magical power.
  3472 | D:3      | 3472 ||| READING scroll labelled BENUYTUIGA.
  3573 | D:3      | 3573 ||| READING 3 scrolls of identify.
  3573 | D:3      | 3573 ||| IDENTIFYING lumpy ruby potion
  3574 | D:3      | 3574 ||| READING 2 scrolls of identify.
  3574 | D:3      | 3574 ||| IDENTIFYING metallic blue potion
  3575 | D:3      | 3575 ||| DROPPING potion of lignification.
  3589 | D:4      | 3589 ||| STAIRDANCE
  3597 | D:4      | 3597 ||| STAIRDANCE
  3724 | D:4      | 3724 ||| Stepping ~*~*~tactically~*~*~ (stealth).
  3725 | D:4      | 3725 ||| Stepping ~*~*~tactically~*~*~ (hiding).
  3726 | D:4      | 3726 ||| Stepping ~*~*~tactically~*~*~ (hiding).
  3727 | D:4      | 3727 ||| DRINKING 3 potions of curing.
  3727 | D:4      | 3727 ||| (to cure confusion)
  3728 | D:4      | 3728 ||| Stepping ~*~*~tactically~*~*~ (hiding).
  3729 | D:4      | 3729 ||| Stepping ~*~*~tactically~*~*~ (hiding).
  3735 | D:4      | Reached skill level 6 in Axes
  3841 | D:4      | Reached XP level 6. HP: 35/35 MP: 10/10
  4052 | D:4      | Reached skill level 7 in Axes
  4118 | D:4      | 4118 ||| Stepping ~*~*~tactically~*~*~ (stealth).
  4290 | D:4      | Found a shimmering altar of Xom.
  4440 | D:4      | 4440 ||| READING scroll labelled UCVEFF JOHIOSCHONT.
  4441 | D:4      | 4441 ||| READING 3 scrolls labelled NOIBAI TAGA.
  4583 | D:4      | 4583 ||| DRINKING 2 clear potions.
  4584 | D:4      | 4584 ||| DRINKING 2 sedimented black potions.
  4585 | D:4      | 4585 ||| DRINKING 4 bubbling ruby potions.
  4586 | D:4      | 4586 ||| DRINKING 3 sapphire potions.
  4587 | D:4      | 4587 ||| READING 2 scrolls of identify.
  4587 | D:4      | 4587 ||| IDENTIFYING silvery potion
  4588 | D:4      | 4588 ||| DROPPING potion of degeneration.
  4589 | D:4      | 4589 ||| DROPPING potion of flight.
  4590 | D:4      | 4590 ||| DROPPING 2 potions of brilliance.
  4591 | D:4      | 4591 ||| DROPPING 2 scrolls of torment.
  4629 | D:5      | Entered Level 5 of the Dungeon
  4722 | D:5      | Noticed Duvessa
  4734 | D:5      | HP: 4/35 [Duvessa/+0 rapier (8)]
  4735 | D:5      | 4735 ||| READING scroll of teleportation.
  4736 | D:5      | 4736 ||| DRINKING 3 potions of heal wounds.
  4737 | D:5      | Noticed Dowan
  4744 | D:5      | Killed Dowan
  4745 | D:5      | Reached skill level 3 in Fighting
  4745 | D:5      | Reached XP level 7. HP: 22/41 MP: 11/11
  4910 | D:5      | Noticed Grinder
  4911 | D:5      | 4911 ||| Stepping ~*~*~tactically~*~*~ (hiding).
  4926 | D:5      | Killed Grinder
  4927 | D:5      | Reached skill level 8 in Axes
  5007 | D:5      | Noticed a troll
  5061 | D:5      | HP: 8/41 [Duvessa/+0 rapier (17)]
  5061 | D:5      | Mangled by Duvessa

Levels and vault maps discovered:
D:1:      eino_arrival_tree_alley, layout_loops_corners
D:2:      layout_loops_ring, ebering_ecumenical_altar_webs
D:3:      layout_basic, nicolae_overflow_squiral
D:4:      layout_loops_ring, overflow_temple_1_default,
          kennysheep_generic_room_8
D:5:      layout_loops_cross, minmay_temple_entry_offerings,
          minmay_chambers_of_fives, uniq_grinder, uniq_duvessa

Skill      XL: |  1  2  3  4  5  6  7 |
---------------+----------------------+-----
Axes           | 3 4 5 6 7 8 |  8.2
Armour         | 2 |  2.1
Fighting       | 3 |  3.3
Throwing       | |  1.0
Dodging        | |  2.1
Spellcasting   | |  2.0
Translocations | |  2.4

Action                   |  1- 3 |  4- 6 |  7- 9 || total
-------------------------+-------+-------+-------++-------
Melee: Hand axe          |    82 |    40 |       ||   122
       Kick              |    28 |    36 |     6 ||    70
       Peck              |    18 |    17 |     4 ||    39
       Punch             |     2 |     3 |       ||     5
       War axe           |       |   102 |    13 ||   115
Throw: Boomerang         |     7 |    28 |       ||    35
  Use: Scroll            |     1 |    12 |       ||    13
       Potion            |     1 |     6 |       ||     7
Armor: Leather armour    |    12 |     4 |       ||    16
       Chain mail        |       |    75 |     3 ||    78
Dodge: Dodged            |    32 |    56 |     5 ||    93

Table legend:
 A = Non-vault XP
 B = Vault XP
 C = Vault XP percentage of total XP
 D = Non-vault monster count
 E = Vault monster count
 F = Vault count percentage of total count
                 A         B        C        D         E       F
            +---------+---------+-------+---------+---------+-------
      Total |     576 |     351 |  37.9 |      89 |       3 |   3.3
            +---------+---------+-------+---------+---------+-------
        D:1 |      49 |       0 |   0.0 |      27 |       0 |   0.0
        D:2 |      60 |       0 |   0.0 |      19 |       0 |   0.0
        D:3 |     143 |       0 |   0.0 |      28 |       0 |   0.0
        D:4 |     228 |       1 |   0.4 |      12 |       1 |   7.7
        D:5 |      96 |     350 |  78.5 |       3 |       2 |  40.0
            +---------+---------+-------+---------+---------+-------
